 Dungeon Crawl Stone Soup version 0.28.0-45-g0d030f2227 (webtiles) character file.

Game seed: 9550856659281968887

8 zeratav the Insei (level 2, 0/18 HPs)
             Began as an Octopode Transmuter on Apr 9, 2022.
             Slain by a jackal (2 damage)
             ... on level 1 of the Dungeon.
             The game lasted 00:00:22 (245 turns).

zeratav the Insei (Octopode Transmuter)              Turns: 245, Time: 00:00:23

Health: 0/18       AC:  1    Str:  9    XL:     2   Next: 8%
Magic:  5/5        EV: 13    Int: 15    God:
Gold:   11         SH:  0    Dex: 12    Spells: 4/5 levels left

rFire   . . .      SeeInvis .     - Unarmed
rCold   . . .      Faith    .   (no shield)
rNeg    . . .      Spirit   .   (helmet restricted)
rPois   .          Reflect  .   (no amulet)
rElec   .          Harm     .   (no ring)
rCorr   .          Rampage  .   (no ring)
Will    .....                   (no ring)
Stlth   ++........              (no ring)
HPRegen 0.06/turn               (no ring)
MPRegen 0.09/turn               (no ring)
                                (no ring)
                                (no ring)

@: no status effects
A: almost no armour, amphibious, 8 rings, camouflage 1, gelatinous body 1,
(nimble swimmer 1), tentacles
a: no special abilities


You were on level 1 of the Dungeon.
You visited 1 branch of the dungeon, and saw 1 of its levels.

You collected 11 gold pieces.


Innate Abilities, Weirdness & Mutations

You cannot wear most types of armour.
You are amphibious.
You can wear up to eight rings at the same time.
Your skin changes colour to match your surroundings (Stealth+).
Your rubbery body absorbs attacks. (AC +1, EV +1)
((You are camouflaged when in or above water. (Stealth+)))
You have tentacles for arms and can constrict up to eight enemies at once.


   Skills:
 + Level 1.2 Fighting
 + Level 2.1 Dodging
 + Level 0.9 Stealth
 * Level 3.2 Unarmed Combat
 - Level 2.0 Spellcasting
 - Level 2.0 Transmutations


You had 4 spell levels left.
You knew the following spells:

 Your Spells              Type           Power      Damage    Failure   Level
a - Beastly Appendage     Tmut           14%        N/A       10%         1

Your spell library contained the following spells:

 Spells                   Type           Power      Damage    Failure   Level
 Wereblood                Tmut           7%         N/A       14%         2
 Spider Form              Tmut/Pois      4%         N/A       41%         3
 Ice Form                 Ice/Tmut       4%         N/A       82%         4

Inventory:

Potions
 a - a potion of attraction {unknown}

Dungeon Overview and Level Annotations

Branches:
Dungeon (1/15)

Altars:

#..............
#..............
#.......####...#
###.....# ##..###
#.....# #.....#
#####.....####.....#
#...........##.....#
#.#...###h#.##.....#
#.#.#+###@#'##.....#
#.#.#.....'.##.....#
#.#.#######.####'#.#
#.'....'......##.#.##
#.#.#####+#.#.......#
#.#.#.....#.#.##....#
#.#+#.....#'#.###.#.#
#.'†#..><.#.+.#
#...######
#.###.....#'#.#
##........


You could see a jackal.


Message History

Your squeeze misses the frilled lizard. The frilled lizard bites you.
HP[-1]
You take 1 damage, and now have 12/13 hp.
You tentacle-slap the frilled lizard.
You kill the frilled lizard!
No target in view!
No target in view!
No target in view!
No target in view!
No target in view!
No target in view!
No target in view!
No target in view!
No target in view!
No target in view!
There is an open door here.
You open the door.
There is an open door here.
There is an open door here.
A kobold comes into view. It is wielding a +0 dagger.
HP[+1]
Your hp is fully restored (13).
A kobold is nearby!
One of your tentacles grows a vicious spike.
MP[-1]
You lost 1 mp, and now have 2/3 mp.
The kobold shouts!
A giant cockroach comes into view.
A jackal comes into view.
The kobold hits you with a +0 dagger.
HP[-1]
You take 1 damage, and now have 12/13 hp.
You barely miss the kobold.
The jackal barks!
You grab the kobold. You tentacle-slap the kobold.
Your transformation is almost over.
You constrict the kobold.
A frilled lizard comes into view.
The kobold hits you with a +0 dagger.
HP[-2]
You take 2 damage, and now have 10/13 hp.
You tentacle-slap the kobold.
You kill the kobold!
A jackal comes into view.
You tentacle-slap the giant cockroach. You grab the giant cockroach.
You pierce the giant cockroach.
You kill the giant cockroach!
The jackal bites you.
HP[-1]
You take 1 damage, and now have 9/13 hp.
You closely miss the jackal. You grab the jackal.
You pierce the jackal.
You constrict the jackal, but do no damage.
The jackal barely misses you.
You tentacle-slap the jackal.
You kill the jackal!
You miss the frilled lizard. Your grab misses the frilled lizard.
Your tentacle spike misses the frilled lizard.
The frilled lizard bites you.
HP[-2] MP[+1]
You take 2 damage, and now have 7/13 hp.
Your mp is fully restored (3).
You miss the frilled lizard. You grab the frilled lizard.
You squeeze the frilled lizard.
You kill the frilled lizard!
The jackal bites you.
* * * LOW HITPOINT WARNING * * *
The jackal closely misses you.
A jackal comes into view.
You have reached level 2!
MP[+2]
You now have 18 max hp (+5).
Your mp is fully restored (5).
The jackal completely misses you. The jackal bites you.
* * * LOW HITPOINT WARNING * * *
HP[-2]
You take 2 damage, and now have 5/18 hp.
Your tentacle spike disappears.
The jackal bites you but does no damage.
The jackal barely misses you. The jackal closely misses you.
The jackal barks!
The jackal bites you.
* * * LOW HITPOINT WARNING * * *
HP[-2]
You take 2 damage, and now have 3/18 hp.
You closely miss the jackal. Your grab misses the jackal.
Your tentacle-slap misses the jackal.
The jackal bites you.
* * * LOW HITPOINT WARNING * * *
HP[-2]
You take 2 damage, and now have 1/18 hp.
You tentacle-slap the jackal. You grab the jackal. You squeeze the jackal.
You kill the jackal!
The jackal closely misses you.
You see here a jackal corpse.
HP[+1]
You tentacle-slap the jackal but do no damage.
Your grab misses the jackal. The jackal misses you.
You closely miss the jackal. You grab the jackal. You constrict the jackal.
The jackal bites you.
You die...

Action                   || total
-------------------------++-------
Melee: Unarmed           ||    15
       Constrict         ||     7
       Tentacles         ||     3
       Kick              ||     2
       Punch             ||     1
 Cast: Beastly Appendage ||     4
Armor: Skin              ||     1
Dodge: Dodged            ||     9

Levels and vault maps discovered:
D:1:      shiori_arrival_maze, layout_basic, serial_shops, shop_coins

Notes
Turn   | Place    | Note
-------+----------+-------------------------------------------
     0 | D:1      | zeratav the Octopode Transmuter began the quest for the
                  | Orb.
     0 | D:1      | Reached XP level 1. HP: 13/13 MP: 3/3
     0 | D:1      | magus.rc [v1.9.6]
   229 | D:1      | Reached XP level 2. HP: 7/18 MP: 5/5
   240 | D:1      | HP: 3/18 [jackal (2)]
   241 | D:1      | HP: 1/18 [jackal (2)]
   245 | D:1      | Slain by a jackal

Vanquished Creatures
  A giant cockroach (D:1)
  A goblin (D:1)
  2 jackals (D:1)
  2 frilled lizards (D:1)
  A kobold (D:1)
  A rat (D:1)
8 creatures vanquished.

Table legend:
 A = Non-vault XP
 B = Vault XP
 C = Vault XP percentage of total XP
 D = Non-vault monster count
 E = Vault monster count
 F = Vault count percentage of total count
                 A         B        C        D         E       F
            +---------+---------+-------+---------+---------+-------
      Total |      10 |       2 |  16.7 |       6 |       2 |  25.0
            +---------+---------+-------+---------+---------+-------
        D:1 |      10 |       2 |  16.7 |       6 |       2 |  25.0
            +---------+---------+-------+---------+---------+-------

Illustrated notes

Table legend:
 A = Kills in this place as a percentage of kills in entire the game.
 B = Kills by you in this place as a percentage of kills by you in the entire game.
 C = Kills by friends in this place as a percentage of kills by friends in the entire game.
 D = Other kills in this place as a percentage of other kills in the entire game.
 E = Experience gained in this place as a percentage of experience gained in the entire game.
 F = Experience gained in this place divided by the number of levels of this place that you have seen.
                   A       B       C       D       E      F
               +-------+-------+-------+-------+-------+----------------------
         Total | 100.0 | 100.0 |   N/A |   N/A | 100.0 |  12.0
       Dungeon | 100.0 | 100.0 |   N/A |   N/A | 100.0 |  12.0
               +-------+-------+-------+-------+-------+----------------------

Table legend: (Time is in decaauts)
 A = Elapsed time spent in this place.
 B = Non-inter-level travel time spent in this place.
 C = Inter-level travel time spent in this place.
 D = Time resting spent in this place.
 E = Time spent auto-exploring this place.
 F = Levels seen in this place.
 G = Mean time per level.
                   A        B        C        D        E       F      G
               +--------+--------+--------+--------+--------+-----+--------+
         Total |    244 |    244 |      0 |      0 |    196 |   1 |  244.0 |
       Dungeon |    244 |    244 |      0 |      0 |    196 |   1 |  244.0 |
               +--------+--------+--------+--------+--------+-----+--------+

Top non-repeatable levels by time:
     D:1: 244 daAuts
